BSA
KANSAS CITY KINGS @ KALAMAZOO ROYALE WITH CHEESE
06/01/2027
 
TOP OF THE 1ST
Kansas City Kings batting - Pitching for Kalamazoo Royale with Cheese : RHP Jason Taylor
Pitching: RHP Jason Taylor
Batting: RHB Chris Chandler 0-0: Called Strike
0-1: Swinging Strike
0-2: DOUBLE (Flyball, 7LM)
Batting: LHB Bruno Lalonde 0-0: Called Strike
Chris Chandler steals 3rd base
0-1: Ground out 6-3 (Groundball, 6)
Chris Chandler scores
Batting: RHB Toshimichi Kono 0-0: Ground out 6-3 (Groundball, 6)
Batting: LHB Pablo Reyes 0-0: Fly out, F7 (Flyball, 7D)
Top of the 1st over - 1 run(s), 1 hit(s), 0 error(s), 0 left on base; Kansas City 1 - Kalamazoo 0
BOTTOM OF THE 1ST
Kalamazoo Royale with Cheese batting - Pitching for Kansas City Kings : RHP Javier García
Pitching: RHP Javier García
Batting: RHB Jorge Márquez 0-0: Ball
1-0: Swinging Strike
1-1: SINGLE (Line Drive, 8RS)
Batting: LHB Vincente Sáenz 0-0: Called Strike
0-1: Ball
1-1: Ball
2-1: SINGLE (Line Drive, 4MD)
Jorge Márquez to second
Runner from 2nd tries for 3rd, SAFE, no throw
Batting: RHB Miguel Encarnación 0-0: Foul Ball, location: 2F
0-1: Ball
1-1: Ball
2-1: Ball
3-1: Foul Ball, location: 2F
3-2: Base on Balls
Vincente Sáenz to second
Batting: LHB William Ruffo 0-0: Ball
1-0: Fly out, F9 (Flyball, 9LD)
Runner from 3rd tags up, SCORES, no throw
Vincente Sáenz to third
Batting: LHB David Richardson 0-0: Called Strike
0-1: Ball
1-1: Fly out, F3 (Popup, 3L)
Batting: LHB Al Mills 0-0: Ball
1-0: Foul Ball, location: 2F
1-1: Ball
2-1: Ball
3-1: Called Strike
3-2: Foul Ball, location: 2F
3-2: Ground out 6-3 (Groundball, 6)
Bottom of the 1st over - 1 run(s), 2 hit(s), 0 error(s), 2 left on base; Kansas City 1 - Kalamazoo 1
TOP OF THE 2ND
Kansas City Kings batting - Pitching for Kalamazoo Royale with Cheese : RHP Jason Taylor
Batting: LHB Ray Spencer 0-0: Swinging Strike
0-1: Fly out, F3 (Line Drive, 34)
Batting: LHB Brian Boone 0-0: Swinging Strike
0-1: Fly out, F7 (Flyball, 7LS)
Batting: RHB Ronald Parsons 0-0: Ground out 3-1 (Groundball, 34)
Top of the 2nd over - 0 run(s), 0 hit(s), 0 error(s), 0 left on base; Kansas City 1 - Kalamazoo 1
BOTTOM OF THE 2ND
Kalamazoo Royale with Cheese batting - Pitching for Kansas City Kings : RHP Javier García
Batting: RHB Run-ming Zhu 0-0: Called Strike
0-1: Foul Ball, location: 2F
0-2: Fly out, F2 (Popup, 3S)
Batting: LHB Robinson Fernández 0-0: Ball
1-0: Foul Ball, location: 2F
1-1: SOLO HOME RUN (Flyball, 9LD), Distance : 356 ft
Batting: RHB Andy Aiton 0-0: Ball
1-0: Called Strike
1-1: Fly out, F7 (Flyball, 7LSF)
Batting: RHB Jorge Márquez 0-0: Swinging Strike
0-1: Ball
1-1: Ball
2-1: Ball
3-1: Fly out, F7 (Flyball, 78M)
Bottom of the 2nd over - 1 run(s), 1 hit(s), 0 error(s), 0 left on base; Kansas City 1 - Kalamazoo 2
TOP OF THE 3RD
Kansas City Kings batting - Pitching for Kalamazoo Royale with Cheese : RHP Jason Taylor
Batting: RHB Eric Fuller 0-0: Foul Ball, location: 2F
0-1: Called Strike
0-2: Foul Ball, location: 2F
0-2: Foul Ball, location: 2F
0-2: Fly out, F9 (Flyball, 9LD)
Batting: SHB John Miller 0-0: Fly out, F7 (Flyball, 7)
Batting: RHB Chris Chandler 0-0: Ball
1-0: Foul Ball, location: 2F
1-1: Swinging Strike
1-2: Fly out, F9 (Flyball, 9LM)
Top of the 3rd over - 0 run(s), 0 hit(s), 0 error(s), 0 left on base; Kansas City 1 - Kalamazoo 2
BOTTOM OF THE 3RD
Kalamazoo Royale with Cheese batting - Pitching for Kansas City Kings : RHP Javier García
Batting: LHB Vincente Sáenz 0-0: Ball
1-0: Foul Ball, location: 2F
1-1: Ball
2-1: Swinging Strike
2-2: DOUBLE (Line Drive, 9LD)
Batting: RHB Miguel Encarnación 0-0: Foul Ball, location: 2F
0-1: Called Strike
0-2: Ball
1-2: Foul Ball, location: 2F
1-2: Foul Ball, location: 2F
1-2: Strikes out looking
Batting: LHB William Ruffo 0-0: Ball
1-0: Called Strike
1-1: SINGLE (Line Drive, 6)
Vincente Sáenz to third
Runner from 3rd tries for Home, SAFE, throw made home
Batting: LHB David Richardson 0-0: Ball
1-0: Called Strike
1-1: Ground out 3-1 (Groundball, 34S)
William Ruffo to second
Batting: LHB Al Mills 0-0: Ball
1-0: Ball
2-0: Foul Ball, location: 2F
2-1: Foul Ball, location: 2F
2-2: Ball
3-2: Base on Balls
Batting: RHB Run-ming Zhu 0-0: Ball
1-0: Ball
2-0: Called Strike
2-1: Fielders Choice at 2nd, 6-4 (Groundball, 6)
Bottom of the 3rd over - 1 run(s), 2 hit(s), 0 error(s), 1 left on base; Kansas City 1 - Kalamazoo 3
TOP OF THE 4TH
Kansas City Kings batting - Pitching for Kalamazoo Royale with Cheese : RHP Jason Taylor
Batting: LHB Bruno Lalonde 0-0: Called Strike
0-1: Reached on error, E2 (Groundball, 23)
Batting: RHB Toshimichi Kono 0-0: 2-RUN HOME RUN (Flyball, 8LXD), Distance : 443 ft
Batting: LHB Pablo Reyes 0-0: Ball
1-0: SOLO HOME RUN (Flyball, 8LXD), Distance : 447 ft
Batting: LHB Ray Spencer 0-0: Ball
1-0: Ball
2-0: Foul Ball, location: 2F
2-1: Ball
3-1: Ground out U3 (Groundball, 34)
Batting: LHB Brian Boone 0-0: Fly out, F7 (Flyball, 7LSF)
Batting: RHB Ronald Parsons 0-0: Ball
1-0: Foul Ball, location: 2F
1-1: Ball
2-1: Swinging Strike
2-2: Foul Ball, location: 2F
2-2: Strikes out looking
Top of the 4th over - 3 run(s), 2 hit(s), 1 error(s), 0 left on base; Kansas City 4 - Kalamazoo 3
BOTTOM OF THE 4TH
Kalamazoo Royale with Cheese batting - Pitching for Kansas City Kings : RHP Javier García
Batting: LHB Robinson Fernández 0-0: Ball
1-0: Ball
2-0: SINGLE (Groundball, 34D)
Batting: RHB Andy Aiton 0-0: Ball
1-0: Ball
2-0: SINGLE (Line Drive, 6M)
Robinson Fernández to second
Batting: RHB Jorge Márquez 0-0: Ball
1-0: Ball
2-0: Called Strike
2-1: Fly out, F7 (Flyball, 78M)
Batting: LHB Vincente Sáenz 0-0: Ball
1-0: Fly out, F7 (Line Drive, 7S)
Batting: RHB Miguel Encarnación 0-0: Foul Ball, location: 2F
0-1: Foul Ball, location: 2F
0-2: Ball
1-2: Foul Ball, location: 2F
1-2: Strikes out looking
Bottom of the 4th over - 0 run(s), 2 hit(s), 0 error(s), 2 left on base; Kansas City 4 - Kalamazoo 3
TOP OF THE 5TH
Kansas City Kings batting - Pitching for Kalamazoo Royale with Cheese : RHP Jason Taylor
Batting: RHB Eric Fuller 0-0: Foul Ball, location: 2F
0-1: Foul Ball, location: 2F
0-2: Ball
1-2: Ball
2-2: Ball
3-2: Ground out 1-3 (Groundball, 13)
Batting: SHB John Miller 0-0: Ball
1-0: Foul Ball, location: 2F
1-1: Ground out 3-1 (Groundball, 34)
Batting: RHB Chris Chandler 0-0: Ball
1-0: Swinging Strike
1-1: Foul Ball, location: 2F
1-2: Foul Ball, location: 2F
1-2: Foul Ball, location: 2F
1-2: Fly out, F7 (Flyball, 7S)
Top of the 5th over - 0 run(s), 0 hit(s), 0 error(s), 0 left on base; Kansas City 4 - Kalamazoo 3
BOTTOM OF THE 5TH
Kalamazoo Royale with Cheese batting - Pitching for Kansas City Kings : RHP Javier García
Batting: LHB William Ruffo 0-0: Called Strike
0-1: Ball
1-1: Foul Ball, location: 2F
1-2: Ball
2-2: Fly out, F9 (Flyball, 9)
Batting: LHB David Richardson 0-0: Foul Ball, location: 2F
0-1: Ball
1-1: Swinging Strike
1-2: Strikes out swinging
Batting: LHB Al Mills 0-0: Ball
1-0: Ball
2-0: SINGLE (Groundball, 5D)
Batting: RHB Run-ming Zhu 0-0: Ball
1-0: Fly out, F8 (Flyball, 8RS)
Bottom of the 5th over - 0 run(s), 1 hit(s), 0 error(s), 1 left on base; Kansas City 4 - Kalamazoo 3
TOP OF THE 6TH
Kansas City Kings batting - Pitching for Kalamazoo Royale with Cheese : RHP Jason Taylor
Batting: LHB Bruno Lalonde 0-0: Ball
1-0: Swinging Strike
1-1: Ball
2-1: Ball
3-1: Base on Balls
Batting: RHB Toshimichi Kono 0-0: Ball
1-0: Called Strike
1-1: Ball
2-1: Ball
3-1: Fly out, F8 (Flyball, 78S)
Batting: LHB Pablo Reyes 0-0: Ball
1-0: Swinging Strike
1-1: Fly out, F8 (Flyball, 8RXD)
Batting: LHB Ray Spencer 0-0: Ball
1-0: SINGLE (Line Drive, 89S)
Bruno Lalonde to second
Runner from 2nd tries for 3rd, SAFE, no throw
Batting: LHB Brian Boone 0-0: Ball
1-0: Called Strike
1-1: Ball
2-1: Foul Ball, location: 2F
2-2: Foul Ball, location: 2F
2-2: Ball
3-2: Foul Ball, location: 2F
3-2: Ground out 5-3 (Groundball, 56)
Top of the 6th over - 0 run(s), 1 hit(s), 0 error(s), 2 left on base; Kansas City 4 - Kalamazoo 3
BOTTOM OF THE 6TH
Kalamazoo Royale with Cheese batting - Pitching for Kansas City Kings : RHP Javier García
Pitching: RHP Mike Hodges
Batting: LHB Robinson Fernández 0-0: Fly out, F9 (Flyball, 9LS)
Batting: RHB Andy Aiton 0-0: Ball
1-0: Ball
2-0: Called Strike
2-1: Ground out 5-3 (Groundball, 56S)
Batting: RHB Jorge Márquez 0-0: Ball
1-0: Foul Ball, location: 2F
1-1: Called Strike
1-2: Ball
2-2: Foul Ball, location: 2F
2-2: Strikes out swinging
Bottom of the 6th over - 0 run(s), 0 hit(s), 0 error(s), 0 left on base; Kansas City 4 - Kalamazoo 3
TOP OF THE 7TH
Kansas City Kings batting - Pitching for Kalamazoo Royale with Cheese : RHP Jason Taylor
Batting: RHB Ronald Parsons 0-0: Foul Ball, location: 2F
0-1: SINGLE (Flyball, 9S)
Batting: RHB Eric Fuller 0-0: Ball
1-0: Called Strike
1-1: Foul Ball, location: 2F
1-2: Ball
2-2: Strikes out swinging
Batting: SHB John Miller 0-0: Called Strike
Ronald Parsons steals 2nd base
0-1: DOUBLE (Groundball, 3L)
Ronald Parsons scores
Batting: RHB Chris Chandler 0-0: Intentional Walk
Batting: LHB Bruno Lalonde 0-0: TRIPLE (Flyball, 78XD)
John Miller scores
Chris Chandler scores
Batting: RHB Toshimichi Kono 0-0: Intentional Walk
Pitching: LHP Morgan McDormand
Batting: LHB Pablo Reyes 0-0: Fly out, F8 (Line Drive, 8LS)
Runner from 3rd tags up, SCORES, no throw
Batting: LHB Ray Spencer 0-0: Ground out 3-1 (Groundball, 34)
Top of the 7th over - 4 run(s), 3 hit(s), 0 error(s), 1 left on base; Kansas City 8 - Kalamazoo 3
BOTTOM OF THE 7TH
Kalamazoo Royale with Cheese batting - Pitching for Kansas City Kings : RHP Mike Hodges
Batting: LHB Vincente Sáenz 0-0: Ball
1-0: Ball
2-0: Swinging Strike
2-1: Ground out 4-3 (Groundball, 4)
Batting: RHB Miguel Encarnación 0-0: Ball
1-0: Ball
2-0: Ball
3-0: Base on Balls
Batting: LHB William Ruffo 0-0: Ball
Miguel Encarnación steals 2nd base
1-0: Ball
2-0: Fly out, F6 (Popup, 56D)
Batting: LHB David Richardson 0-0: Ball
1-0: Ball
2-0: Ball
3-0: Base on Balls
Batting: LHB Al Mills 0-0: Called Strike
0-1: Foul Ball, location: 2F
0-2: Foul Ball, location: 2F
0-2: Foul Ball, location: 2F
0-2: DOUBLE (Line Drive, 9LM)
Miguel Encarnación scores
David Richardson to third
Runner from 3rd tries for Home, SAFE, no throw
Pitching: RHP Ray Watkins
Batting: RHB Run-ming Zhu 0-0: Ball
1-0: Called Strike
1-1: Swinging Strike
1-2: Ball
2-2: Ball
3-2: Foul Ball, location: 2F
3-2: Base on Balls
Pitching: LHP Francisco Moreno
Batting: LHB Robinson Fernández 0-0: Ball
1-0: Called Strike
1-1: Swinging Strike
1-2: Ground out 1-3 (Groundball, P)
Bottom of the 7th over - 2 run(s), 1 hit(s), 0 error(s), 2 left on base; Kansas City 8 - Kalamazoo 5
TOP OF THE 8TH
Kansas City Kings batting - Pitching for Kalamazoo Royale with Cheese : LHP Morgan McDormand
Pitching: RHP António Ojeda
Batting: LHB Brian Boone 0-0: Ball
1-0: Ball
2-0: Called Strike
2-1: Swinging Strike
2-2: DOUBLE (Line Drive, 9LM)
Batting: RHB Ronald Parsons 0-0: Called Strike
0-1: Foul Ball, location: 2F
0-2: Foul Ball, location: 2F
0-2: Ball
1-2: Ball
2-2: Fly out, F9 (Flyball, 9LDF)
Runner from 2nd tags up, SAFE at 3rd, no throw
Batting: RHB Eric Fuller 0-0: Called Strike
0-1: Foul Ball, location: 2F
0-2: Ball
1-2: Ball
Wild Pitch!
Brian Boone scores
2-2: Strikes out swinging
Batting: SHB John Miller 0-0: Foul Ball, location: 2F
0-1: Ball
1-1: Ground out 3-1 (Groundball, 34)
Top of the 8th over - 1 run(s), 1 hit(s), 0 error(s), 0 left on base; Kansas City 9 - Kalamazoo 5
BOTTOM OF THE 8TH
Kalamazoo Royale with Cheese batting - Pitching for Kansas City Kings : LHP Francisco Moreno
Pitching: RHP Nariaki Tanaka
Batting: RHB Andy Aiton 0-0: Ball
1-0: Ball
2-0: Called Strike
2-1: Fly out, F3 (Flyball, 3DF)
Batting: RHB Jorge Márquez 0-0: Ball
1-0: Ball
2-0: Fly out, F7 (Flyball, 7)
Batting: LHB Vincente Sáenz 0-0: Swinging Strike
0-1: Ground out 6-3 (Groundball, 6M)
Bottom of the 8th over - 0 run(s), 0 hit(s), 0 error(s), 0 left on base; Kansas City 9 - Kalamazoo 5
TOP OF THE 9TH
Kansas City Kings batting - Pitching for Kalamazoo Royale with Cheese : RHP António Ojeda
Batting: RHB Chris Chandler 0-0: Called Strike
0-1: Ball
1-1: Ball
2-1: SINGLE (Line Drive, 6D)
Batting: LHB Bruno Lalonde 0-0: Bunted foul
0-1: Ball
1-1: Sac Bunt - play at first, batter OUT! 5-4
Chris Chandler to second
Batting: RHB Toshimichi Kono Balk!
Chris Chandler to third
0-0: Intentional Walk
Batting: LHB Pablo Reyes 0-0: Ball
1-0: Ball
2-0: Foul Ball, location: 2F
2-1: Ball
3-1: Foul Ball, location: 2F
3-2: Strikes out swinging
Batting: LHB Ray Spencer 0-0: Ball
1-0: Ball
2-0: Called Strike
2-1: DOUBLE (Line Drive, 3D)
Chris Chandler scores
Toshimichi Kono to third
Batting: LHB Brian Boone 0-0: Fly out, F7 (Flyball, 7S)
Top of the 9th over - 1 run(s), 2 hit(s), 0 error(s), 2 left on base; Kansas City 10 - Kalamazoo 5
BOTTOM OF THE 9TH
Kalamazoo Royale with Cheese batting - Pitching for Kansas City Kings : RHP Nariaki Tanaka
Batting: RHB Miguel Encarnación 0-0: Called Strike
0-1: Ball
1-1: Foul Ball, location: 2F
1-2: Ball
2-2: Foul Ball, location: 2F
2-2: Foul Ball, location: 2F
2-2: Fly out, F9 (Flyball, 9S)
Batting: LHB William Ruffo 0-0: Fly out, F3 (Popup, 3L)
Batting: LHB David Richardson 0-0: Swinging Strike
0-1: Foul Ball, location: 2F
0-2: Ball
1-2: Strikes out swinging
Bottom of the 9th over - 0 run(s), 0 hit(s), 0 error(s), 0 left on base; Kansas City 10 - Kalamazoo 5
Thursday, March 30th, 2017 - OOTP Baseball 17.12 Build 75